 Dungeon Crawl Stone Soup version 0.20.1-1-g8b1a95d (webtiles) character file.

289 Lennu the Shield-Bearer (level 6, -5/52 HPs)
             Began as a Draconian Fighter on July 13, 2017.
             Slain by an ogre
             ... wielding a +0 giant spiked club
              (21 damage)
             ... on level 4 of the Dungeon.
             The game lasted 00:09:20 (4866 turns).

Lennu the Shield-Bearer (Draconian Fighter)         Turns: 4866, Time: 00:09:20

Health: -5/52      AC:  6    Str: 18    XL:     6   Next: 9%
Magic:  6/6        EV: 11    Int:  8    God:
Gold:   99         SH:  9    Dex: 13    Spells: 5/5 levels left

rFire    . . .     SeeInvis .   a - +0 long sword
rCold    . . .     Gourm    .   b - +0 shield
rNeg     . . .     Faith    .   (armour unavailable)
rPois    .         Spirit   .   (helmet restricted)
rElec    .         Reflect  .   (no cloak)
rCorr    .         Harm     .   (no gloves)
MR       .....                  (no boots)
Stlth    ++........             (no amulet)
Regen    0.2/turn               (no ring)
MPRegen  0.1/turn               (no ring)

@: no status effects
A: unfitting armour, mutation resistance 1, cold-blooded, AC +6
a: no special abilities


You were on level 4 of the Dungeon.
You were not hungry.

You visited 1 branch of the dungeon, and saw 4 of its levels.

You collected 99 gold pieces.

Inventory:

Hand Weapons
 a - a +0 long sword (weapon)
Armour
 b - a +0 shield (worn)
Scrolls
 g - a scroll of recharging {unknown}
 i - a scroll of fog {unknown}
 j - 2 scrolls of blinking
 k - a scroll of teleportation {unknown}
 l - 3 scrolls of identify
 m - a scroll of fear {unknown}
 n - a scroll of remove curse
Potions
 c - a potion of might
 e - 2 potions of haste {unknown}
 h - a potion of magic {unknown}
 o - a potion of curing {unknown}
Comestibles
 d - 6 bread rations
 f - 7 chunks of flesh
 p - a royal jelly


   Skills:
 * Level 4.0 Fighting
 * Level 4.0 Long Blades
 * Level 3.4 Dodging
 * Level 1.6 Stealth
 * Level 4.4 Shields


You had 5 spell levels left.
You didn't know any spells.

Dungeon Overview and Level Annotations

Branches:
Dungeon (4/15)
 Temple: D:4-7

Altars:
Cheibriados
Dithmenos
Elyvilon
Fedhas
Gozag
Okawaru
Qazlal
Yredelemnul

Shops:
D:2 *   D:4 *


Innate Abilities, Weirdness & Mutations

Your plain brown scales are hard. (AC +6)
You cannot fit into any form of body armour.
You are cold-blooded and may be slowed by cold attacks.
You are somewhat resistant to further mutation.


Message History

The ogre is lightly wounded.
The ogre misses you.
You barely miss the ogre.
The ogre is lightly wounded.
You block the ogre's attack.
You hit the ogre.
The ogre is moderately wounded.
The ogre closely misses you.
You riposte.
You slash the ogre!
Your tail-slap misses the ogre.
The ogre is severely wounded.
You barely miss the ogre.
The ogre is severely wounded.
The ogre closely misses you.
You hit the ogre.
The ogre is severely wounded.
The ogre hits you with a giant spiked club!!
You closely miss the ogre.
The ogre is severely wounded.
The ogre hits you with a giant spiked club!!
You die...

# ............# #
#..........#
######..........#
................######
.....................#
........###..........#
........##...........#
........##.#.........#
.......###.#....@O...#
.......# #.#.........#
.......# #.#.........#
####...# #.#.........#
#...# #.##..........
#...# ############
#...# #...# #...#


You could see an ogre.

Vanquished Creatures
  A hound (D:4)
  A worker ant (D:4)
  Robin (D:3)
  7 gnolls
  4 adders
  5 worms
  2 leopard geckos
  A ball python (D:4)
  8 bats
  5 giant cockroaches
  11 hobgoblins
  17 jackals
  4 kobolds (D:1)
  6 frilled lizards
  21 goblins
  8 rats
102 creatures vanquished.

Notes
Turn   | Place    | Note
-------+----------+-------------------------------------------
     0 | D:1      | Lennu the Draconian Fighter began the quest for the Orb.
     0 | D:1      | Reached XP level 1. HP: 19/19 MP: 1/1
   295 | D:1      | Reached XP level 2. HP: 15/26 MP: 2/2
  1139 | D:1      | Reached XP level 3. HP: 27/31 MP: 3/3
  1962 | D:2      | Found an opulent altar of Gozag.
  1970 | D:2      | Found Gozag's Platinum Reserve.
  2234 | D:2      | Found an opulent altar of Gozag.
  2234 | D:2      | Found a basalt altar of Yredelemnul.
  2235 | D:2      | Found a white marble altar of Elyvilon.
  2236 | D:2      | Found a snail-covered altar of Cheibriados.
  2237 | D:2      | Found a shadowy altar of Dithmenos.
  2262 | D:2      | Reached XP level 4. HP: 39/39 MP: 4/4
  2859 | D:2      | Found a blossoming altar of Fedhas.
  2860 | D:2      | Found a stormy altar of Qazlal.
  3386 | D:3      | Noticed Robin
  3406 | D:3      | Reached skill level 1 in Stealth
  3420 | D:3      | Killed Robin
  3423 | D:3      | Reached XP level 5. HP: 20/46 MP: 5/5
  3752 | D:3      | Gained mutation: You are somewhat resistant to further mutation. [potion of mutation]
  3834 | D:3      | Found an iron altar of Okawaru.
  4579 | D:4      | Found Heniopyludd's General Store.
  4593 | D:4      | Reached XP level 6. HP: 52/52 MP: 6/6
  4866 | D:4      | Slain by an ogre

Skill      XL: |  1  2  3  4  5 |
---------------+----------------+-----
Dodging        | 3 |  3.4
Shields        | 4 |  4.4
Long Blades    | 3 4 |  4.0
Stealth        | 1 |  1.6
Fighting       | 4 |  4.0

Action                   |  1- 3 |  4- 6 || total
-------------------------+-------+-------++-------
Melee: Long sword        |   115 |   163 ||   278
       Tailslap          |    21 |    19 ||    40
  Use: Scroll            |     1 |     3 ||     4
       Potion            |       |     4 ||     4
 Stab: Sleeping          |     1 |     5 ||     6
       Distracted        |       |     1 ||     1
  Eat: Chunk             |     4 |     9 ||    13
Armor: Skin              |    37 |    45 ||    82
Dodge: Dodged            |    57 |    69 ||   126
Block: Shield            |    70 |    75 ||   145
       Rpst.: Long sword |    21 |    25 ||    46
